 Dungeon Crawl Stone Soup version 0.25-a0-310-g60f0ac2d9a (webtiles) character file.

Game seed: 11993675539711817603, levelgen mode: classic

1536 Borgoz the Skirmisher (level 8, -2/51 HPs)
             Began as a Gargoyle Gladiator on Dec 23, 2019.
             Killed by divine providence
             ... invoked by an orc priest
              (13 damage)
             ... on level 6 of the Dungeon.
             The game lasted 00:07:54 (6770 turns).

Borgoz the Skirmisher (Gargoyle Gladiator)          Turns: 6770, Time: 00:07:54

Health: -2/51      AC: 20    Str: 17    XL:     8   Next: 86%
Magic:  8/8        EV:  7    Int: 14    God:
Gold:   277        SH:  0    Dex: 13    Spells: 7/7 levels left

rFire    . . .     SeeInvis .   b - +7 falchion of Instinct {slice, *Rage rElec Int+4}
rCold    . . .     Gourm    .   (no shield)
rNeg     + . .     Faith    .   x - +0 plate armour
rPois    ∞         Spirit   .   c - +0 helmet
rElec    +         Reflect  .   h - +0 cloak
rCorr    .         Harm     .   (no gloves)
MR       .....     Rnd*Rage +   (no boots)
Stlth    ..........             (no amulet)
HPRegen  0.17/turn              (no ring)
MPRegen  0.11/turn              (no ring)

@: no status effects
A: negative energy resistance 1, electricity resistance, unbreathing,
petrification resistance, rot immunity, AC +5
a: no special abilities


You were on level 6 of the Dungeon.
You were near starving.

You visited 2 branches of the dungeon, and saw 8 of its levels.

You collected 277 gold pieces.

Inventory:

Hand Weapons
 a - a +0 flail
 b - the +7 falchion of Instinct (weapon) {slice, *Rage rElec Int+4}
   (You found it on level 5 of the Dungeon)

   It inflicts extra damage upon your enemies.
   It affects your intelligence (+4).
   It insulates you from electricity.
   It may make you go berserk in combat.
Missiles
 d - 2 throwing nets (quivered)
Armour
 c - a +0 helmet (worn)
 h - a +0 cloak (worn)
 x - a +0 plate armour (worn)
Jewellery
 t - an uncursed ring of fire
Scrolls
 i - a scroll of noise {unknown}
 j - 2 scrolls of teleportation {unknown}
 k - 2 scrolls of enchant armour {unknown}
 l - a scroll of fog {unknown}
 n - a scroll of immolation {unknown}
 r - a scroll of amnesia {unknown}
 s - 3 scrolls of remove curse
 u - 2 scrolls of fear {unknown}
Potions
 e - 3 potions of haste
 o - a potion of agility
 q - 2 potions of flight {unknown}
 v - a potion of berserk rage {unknown}
 w - a potion of brilliance
Comestibles
 f - 13 rations


   Skills:
 + Level 6.2 Fighting
 + Level 6.1 Maces & Flails
 - Level 1.7 Throwing
 + Level 5.6 Armour
 + Level 5.1 Dodging


You had 7 spell levels left.
You didn't know any spells.
Your spell library was empty.

Dungeon Overview and Level Annotations

Branches:
Dungeon (7/15)             Temple (1/1) D:5

Altars:
Cheibriados
Dithmenos
Elyvilon
Gozag
Hepliaklqana
Kikubaaqudgha
Makhleb
Okawaru
Ru
Sif Muna
Trog
Uskayaw
Vehumet
Wu Jian
Xom
Yredelemnul
Zin
The Shining One


Innate Abilities, Weirdness & Mutations

You are resistant to torment.
Your stone body is resilient. (AC +5)
You are immune to poison.
You resist negative energy. (rN+)
You are resistant to electric shocks. (rElec)
You can survive without breathing.
You are immune to petrification.
You are immune to rotting.


Message History

You are too injured to fight recklessly!
Things that are here:
a +0 hand axe; a +0 leather armour; a +0 rapier You slash the orc priest!
The orc priest is almost dead.
The orc priest hits you but does no damage.
The orc priest mumbles some strange prayers to Beogh against you.
Beogh smites you!
* * * LOW HITPOINT WARNING * * *
The orc priest hits you but does no damage.
You feel better.
The orc priest calls down the wrath of Beogh upon you.
Pain shoots through your body!
* * * LOW HITPOINT WARNING * * *
The orc priest hits you but does no damage.
You closely miss the orc priest.
The orc priest is almost dead.
The orc priest invokes the aid of Beogh against you.
Beogh smites you!
You die...

#...# #...# #..## #####
############ #..#
#..........# ##.# ##
#..........# #÷########S
#..........####O.oS..o...
#.............o..#.......
#.......o..#####[..######
#.......@o.# #..##
#..........# #..#
#..........# ####
#.......>..# ############


You could see 2 orc priests.

Vanquished Creatures
  Grinder (D:3)
  Eustachio (D:6)
  An orc warrior (D:7)
  2 ogres
  Blork the orc (D:4)
  A bullfrog (D:6)
  A water moccasin zombie (D:6)
  A scorpion (D:6)
  A howler monkey (D:4)
  A crimson imp (D:6)
  A bullfrog zombie (D:5)
  A gnoll shaman (D:5)
  3 orc priests
  4 hounds
  2 worker ants
  2 hound skeletons
  Robin (D:4)
  13 gnolls
  6 adders
  An ooze (D:2)
  3 worms
  6 leopard geckos
  9 orcs
  6 bats
  A giant cockroach (D:1)
  14 goblins
  3 hobgoblins
  2 jackals (D:4)
  2 quokkas
  3 frilled lizards
  A jackal skeleton (D:4)
  2 jackal zombies
  2 kobolds
  4 rats
103 creatures vanquished.

Vanquished Creatures (others)
  A goblin (D:4)
1 creature vanquished.

Grand Total: 104 creatures vanquished

Notes
Turn   | Place    | Note
-------+----------+-------------------------------------------
     0 | D:1      | Borgoz the Gargoyle Gladiator began the quest for the Orb.
     0 | D:1      | Reached XP level 1. HP: 12/12 MP: 1/1
   612 | D:1      | Reached XP level 2. HP: 18/18 MP: 2/2
  1501 | D:2      | Reached skill level 1 in Armour
  2020 | D:2      | Reached XP level 3. HP: 22/22 MP: 3/3
  2723 | D:2      | Reached XP level 4. HP: 17/28 MP: 4/4
  2877 | D:3      | Found a faded altar of an unknown god.
  3075 | D:3      | Noticed Grinder
  3089 | D:3      | Paralysed by Grinder for 6 turns
  3098 | D:3      | Killed Grinder
  3098 | D:3      | Reached XP level 5. HP: 10/33 MP: 5/5
  3098 | D:3      | Reached XP level 6. HP: 12/38 MP: 6/6
  3771 | D:4      | Noticed Blork the orc
  3783 | D:4      | Killed Blork the orc
  3804 | D:4      | Noticed Robin
  3836 | D:4      | Killed Robin
  4051 | D:4      | Reached XP level 7. HP: 33/44 MP: 7/7
  4939 | D:5      | Entered Level 5 of the Dungeon
  4982 | D:5      | Got a bloodstained falchion
  4983 | D:5      | Identified the +7 falchion of Instinct {slice, *Rage rElec
                  | Int+4} (You found it on level 5 of the Dungeon)
  5041 | D:5      | Reached skill level 5 in Maces & Flails
  5323 | D:5      | Found a staircase to the Ecumenical Temple.
  5329 | D:5      | Reached skill level 5 in Fighting
  5386 | D:5      | Reached XP level 8. HP: 49/49 MP: 8/8
  5410 | Temple   | Entered the Ecumenical Temple
  6104 | D:6      | Noticed Eustachio
  6122 | D:6      | Reached skill level 5 in Armour
  6174 | D:6      | Killed Eustachio
  6509 | D:7      | Reached skill level 5 in Dodging
  6770 | D:6      | Killed from afar by an orc priest

Levels and vault maps discovered:
D:1:      saegor_arrival_simple_b, layout_basic
D:2:      layout_rooms, first_ration, serial_co_window_serial,
          co_window_corner_a, co_window_of_opportunity_a, co_window_paths_b,
          co_window_of_opportunity_a, co_window_corner_a,
          co_window_unsneaky_path_e, co_window_corner_b, co_window_cross_2,
          co_window_corner_b, co_window_of_opportunity_b,
          co_window_unsneaky_path_e, wander_ebering_terrifying_dragon_lair
D:3:      layout_loops_ring, chequers_ecumenical_altar_simple_redux,
          uniq_grinder
D:4:      cheibrodos_quashed, layout_basic, uniq_robin, uniq_blork_the_orc
D:5:      layout_rooms, temple_fountains
D:6:      layout_rooms, nemelex_xobeh_ov_fountains_minmay,
          nicolae_overflow_hidden_temple, uniq_eustachio
D:7:      layout_cave_pools, grunt_ogre_cave, uniq_harold, uniq_duvessa,
          uniq_menkaure, uniq_crazy_yiuf_cottage
Temple:   regret_index_temple_mists

Skill      XL: |  1  2  3  4  5  6  7  8 |
---------------+-------------------------+-----
Armour         | 1 3 4 5 |  5.6
Fighting       | 3 4 5 6 |  6.2
Dodging        | 3 4 5 |  5.1
Maces & Flails | 4 5 6 |  6.1
Throwing       | |  1.7

Action                   |  1- 3 |  4- 6 |  7- 9 || total
-------------------------+-------+-------+-------++-------
Melee: Flail             |    90 |   148 |    89 ||   327
       Falchion          |       |       |   155 ||   155
Throw: Throwing net      |       |       |     2 ||     2
  Use: Potion            |     2 |       |     5 ||     7
       Scroll            |       |       |     5 ||     5
 Stab: Invisible         |       |       |     1 ||     1
  Eat: Chunk             |     4 |     6 |     8 ||    18
Armor: Leather armour    |     9 |       |       ||     9
       Ring mail         |    24 |    91 |    54 ||   169
       Plate armour      |       |       |   160 ||   160
Dodge: Dodged            |    76 |   107 |   183 ||   366
       Rpst.: Falchion   |       |       |    25 ||    25

Table legend:
 A = Non-vault XP
 B = Vault XP
 C = Vault XP percentage of total XP
 D = Non-vault monster count
 E = Vault monster count
 F = Vault count percentage of total count
                 A         B        C        D         E       F
            +---------+---------+-------+---------+---------+-------
      Total |    1576 |     619 |  28.2 |      89 |      14 |  13.6
            +---------+---------+-------+---------+---------+-------
        D:1 |      12 |       0 |   0.0 |       7 |       0 |   0.0
        D:2 |      95 |       3 |   3.1 |      15 |       1 |   6.2
        D:3 |      57 |     290 |  83.6 |      17 |       1 |   5.6
        D:4 |     208 |     123 |  37.2 |      16 |      11 |  40.7
        D:5 |     412 |       0 |   0.0 |      16 |       0 |   0.0
        D:6 |     531 |     203 |  27.7 |      16 |       1 |   5.9
        D:7 |     261 |       0 |   0.0 |       2 |       0 |   0.0
            +---------+---------+-------+---------+---------+-------
